 Dungeon Crawl Stone Soup version 0.27-a0-1200-g94dc6ad4cf (console) character file.

Game seed: 13324614448870707875

377 Hector the Magician (level 7, -9/49 HPs)
             Began as a Djinni Fire Elementalist on May 31, 2021.
             Mangled by a two-headed ogre
             ... wielding a +0 giant spiked club
              (24 damage)
             ... on level 5 of the Dungeon.
             The game lasted 00:12:32 (6178 turns).

Hector the Magician (Djinni Fire Elementalist)      Turns: 6178, Time: 00:12:33

Health: -9/49      AC:  4    Str:  7    XL:     7   Next: 4%
Gold:   180        EV: 12    Int: 24    God:
                   SH:  4    Dex: 14

rFire    + . .     SeeInvis .   a - +0 rapier
rCold    + . .     Faith    .   i - +0 buckler
rNeg     . . .     Spirit   .   u - +0 robe {rC+}
rPois    ∞         Reflect  .   h - +2 hat
rElec    .         Harm     .   e - scarf {+Inv}
rCorr    .         Rampage  .   (no gloves)
Will     .....                  (boots unavailable)
Stlth    ++........             (no amulet)
HPRegen  0.16/turn              b - ring of ice
MPRegen  0.00/turn              c - +6 ring of intelligence

@: flying
A: sickness immunity, fire resistance 2, cold vulnerability 1, float, innate
caster, hp casting, extra vitality 1
a: Evoke Invisibility


You were on level 5 of the Dungeon.
You visited 1 branch of the dungeon, and saw 5 of its levels.

You collected 180 gold pieces.

Inventory:

Hand Weapons
 a - a +0 rapier (weapon)
 j - a +0 short sword
 v - the +10 hunting sling "Liuqadd" {vorpal, Drain rElec Dex+4 Stlth+}
   (You found it on level 4 of the Dungeon)

   Any stone fired from it inflicts extra damage.
   It affects your dexterity (+4).
   It insulates you from electricity.
   It drains your maximum health when unequipped.
   It makes you more stealthy.
Missiles
 k - 53 stones
 A - 5 boomerangs
Armour
 d - +0 steam dragon scales
 e - a scarf of invisibility (worn)
 h - a +2 hat (worn)
 i - a +0 buckler (worn)
 s - a +0 tower shield
 u - a +0 robe of cold resistance (worn)
 B - a +0 robe
Jewellery
 b - a ring of ice (left hand)
 c - a +6 ring of intelligence (right hand)
Scrolls
 f - a scroll of silence {unknown}
 l - 2 scrolls of vulnerability {unknown}
 n - 2 scrolls of teleportation {unknown}
 q - 2 scrolls of identify {unknown}
 r - a scroll of fear {unknown}
 t - a scroll of enchant armour {unknown}
 x - a scroll of holy word {unknown}
 y - 2 scrolls of blinking {unknown}
 z - a scroll of enchant weapon {unknown}
Potions
 g - a potion of magic {unknown}
 m - 3 potions of might {unknown}
 o - a potion of berserk rage {unknown}
 p - a potion of resistance {unknown}
 w - a potion of curing {unknown}
 C - a potion of brilliance {unknown}


   Skills:
 * Level 2.7 Fighting
 + Level 3.1 Dodging
 - Level 1.5 Stealth
 * Level 1.4 Shields
 + Level 4.6 Spellcasting


You couldn't memorise any spells.
You knew the following spells:

 Your Spells              Type           Power      Damage    Failure   Level
a - Foxfire               Conj/Fire      100%       2x1d9     1%          1
b - Fireball              Conj/Fire      14%        3d8       45%         5
c - Inner Flame           Hex/Fire       28%        N/A       5%          3
e - Corona                Hex            31%        N/A       1%          1
f - Conjure Flame         Conj/Fire      28%        6-21      5%          3
p - Poisonous Vapours     Pois/Air       56%        N/A       2%          2
r - Searing Ray           Conj           56%        3d5       2%          2
s - Sticky Flame          Conj/Fire      28%        2d5       19%         4
Your spell library was empty.

Dungeon Overview and Level Annotations

Branches:
Dungeon (5/15)
 Temple: D:4-7

Altars:
Fedhas
Ru
Uskayaw
Vehumet
Xom

Annotations:
D:2 9 gold in rock


Innate Abilities, Weirdness & Mutations

You are immune to sickness and miasma.
You are immune to poison.
Your flesh is very heat resistant. (rF++)
You are vulnerable to cold. (rC-)
You float through the air rather than walking.
You learn spells naturally, not from books.
Your magical power is your life essence.
You have superior vitality. (+4 HP)


Message History

Confirm with . or Enter, or press ? or * to list all spells.
You conjure some foxfire!
The foxfire hits the two-headed ogre.
The two-headed ogre is lightly wounded.
A yak comes into view.
The foxfire hits the two-headed ogre.
The two-headed ogre is lightly wounded.
Casting: Foxfire (safe; 1% risk of failure)
Confirm with . or Enter, or press ? or * to list all spells.
You conjure some foxfire!
The foxfire hits the two-headed ogre but does no damage.
The two-headed ogre is lightly wounded.
A yak comes into view.
The foxfire hits the two-headed ogre.
The two-headed ogre is moderately wounded.
The foxfire hits the two-headed ogre.
The two-headed ogre is moderately wounded.
A yak comes into view.
The two-headed ogre hits you with a +0 giant spiked club!
The two-headed ogre hits you with a +0 giant club!
Unknown command.
Casting: Foxfire (safe; 1% risk of failure)
Confirm with . or Enter, or press ? or * to list all spells.
The spell is quite dangerous to cast (19% risk of failure)!
Continue anyway?
Aiming: Sticky Flame (quite dangerous; 19% risk of failure)
Press: ? - help, Shift-Dir - straight line, f - two-headed ogre
Aim: a two-headed ogre, wielding a +0 giant spiked club and a +0 giant club (moderately wounded, 100% to hit)
The sticky flame hits the two-headed ogre.
The two-headed ogre is moderately wounded.
The two-headed ogre is covered in liquid flames!
* * * LOW HITPOINT WARNING * * *
The two-headed ogre burns!
A yak comes into view.
The two-headed ogre burns!
The two-headed ogre burns!
The two-headed ogre burns!
The two-headed ogre burns!
The two-headed ogre burns!
The two-headed ogre burns!
The two-headed ogre stops burning.
The two-headed ogre hits you with a +0 giant spiked club!!
You die...

###...>...........
#.................
##................
#............Y...
#................
#.....Y..........
#................
#...O...YY.......
#..@.............
##..............
#..#.#.#.#.#..
#...........
##.#.##+##. ##...#
#.##.+ #. #)#..#
... ###.##.##+##.#


You could see a two-headed ogre and 3 yaks.

Vanquished Creatures
  An ice beast (D:5)
  A hound (D:5)
  2 orc priests (D:4)
  An iguana (D:5)
  A hound skeleton (D:2)
  6 adders
  2 worms
  2 dart slugs (D:3)
  10 orcs
  8 ball pythons
  5 endoplasms
  4 giant cockroaches
  5 goblins
  6 hobgoblins
  6 jackals
  A quokka (D:4)
  6 bats
  4 frilled lizards
  6 kobolds
  9 rats
86 creatures vanquished.

Vanquished Creatures (collateral kills)
  A foxfire (D:2)
1 creature vanquished.

Vanquished Creatures (others)
  265 foxfires
265 creatures vanquished.

Grand Total: 352 creatures vanquished

Notes
Turn   | Place    | Note
-------+----------+-------------------------------------------
     0 | D:1      | Hector the Djinni Fire Elementalist began the quest for the
                  | Orb.
     0 | D:1      | Reached XP level 1. HP: 15/15 MP: 0/0
   273 | D:1      | Reached XP level 2. HP: 21/22 MP: 0/0
  1295 | D:2      | Found a shimmering altar of Xom.
  1300 | D:2      | Reached XP level 3. HP: 22/26 MP: 0/0
  1300 | D:2      | Learned a level 1 spell: Corona
  1306 | D:2      | Reached skill level 1 in Fighting
  1306 | D:2      | Reached skill level 3 in Spellcasting
  1469 | D:2      | Reached XP level 4. HP: 23/32 MP: 0/0
  2494 | D:3      | Reached XP level 5. HP: 34/37 MP: 0/0
  2494 | D:3      | Learned a level 2 spell: Searing Ray
  3076 | D:3      | Found a shimmering altar of Xom.
  3106 | D:3      | Found a blossoming altar of Fedhas.
  3121 | D:3      | Found a hide-covered altar of Uskayaw.
  3611 | D:4      | Reached skill level 4 in Spellcasting
  3921 | D:4      | Reached XP level 6. HP: 4/43 MP: 0/0
  4410 | D:4      | Identified the +10 hunting sling "Liuqadd" {vorpal, Drain
                  | rElec Dex+4 Stlth+}
  5240 | D:5      | Entered Level 5 of the Dungeon
  5550 | D:5      | Noticed an ice beast
  5556 | D:5      | Killed an ice beast
  5557 | D:5      | Reached skill level 1 in Shields
  5594 | D:5      | Noticed an ogre
  5594 | D:5      | Noticed an ogre
  5761 | D:5      | Found a sacrificial altar of Ru.
  6121 | D:5      | Reached XP level 7. HP: 46/49 MP: 0/0
  6121 | D:5      | Learned a level 2 spell: Poisonous Vapours
  6164 | D:5      | Noticed a two-headed ogre
  6167 | D:5      | Noticed a yak
  6169 | D:5      | Noticed a yak
  6170 | D:5      | Noticed a yak
  6171 | D:5      | Noticed a yak
  6178 | D:5      | Mangled by a two-headed ogre

Illustrated notes

Levels and vault maps discovered:
D:1:      sevenhm_arrival_forest_fort_small_4, layout_basic, serial_curves,
          eino_curves_02, eino_curves_01
D:2:      layout_basic, serial_glass, glass_columns_b, glass_columns_b,
          minmay_strange_pillars, item_on_display_a, basic_altar, minmay_3d_cube
D:3:      layout_rooms, lemuel_coloured_pillars_altar, vehumet_crystals,
          gammafunk_temple_overflow_pools
D:4:      layout_layer_cave, hangedman_decor_slide_cut, minmay_crystal_water
D:5:      layout_layer_cave, nicolae_ru_sacrificial_ziggurat,
          minmay_temple_entry_poolview, minmay_misc_feat_doors

Skill      XL: |  1  2  3  4  5  6 |
---------------+-------------------+-----
Fighting       | 1 2 |  2.7
Spellcasting   | 3 4 |  4.6
Dodging        | 3 |  3.1
Shields        | 1 |  1.4
Stealth        | |  1.5

Action                   |  1- 3 |  4- 6 |  7- 9 || total
-------------------------+-------+-------+-------++-------
 Cast: Foxfire           |    40 |   111 |     3 ||   154
       Sticky Flame      |       |       |     1 ||     1
Armor: Steam dragon scal |     3 |     4 |       ||     7
       Robe              |       |     2 |       ||     2
Dodge: Dodged            |    18 |    26 |       ||    44
Block: Buckler           |       |     5 |       ||     5

Table legend: (Time is in decaauts)
 A = Elapsed time spent in this place.
 B = Non-inter-level travel time spent in this place.
 C = Inter-level travel time spent in this place.
 D = Time resting spent in this place.
 E = Time spent auto-exploring this place.
 F = Levels seen in this place.
 G = Mean time per level.
                   A        B        C        D        E       F      G
               +--------+--------+--------+--------+--------+-----+--------+
         Total |   6184 |   5603 |    581 |    764 |   4165 |   5 | 1236.8 |
       Dungeon |   6184 |   5603 |    581 |    764 |   4165 |   5 | 1236.8 |
               +--------+--------+--------+--------+--------+-----+--------+

Top non-repeatable levels by time:
     D:4: 2076 daAuts
     D:1: 1298 daAuts
     D:2: 1111 daAuts
     D:3: 870 daAuts
     D:5: 828 daAuts
